 Dungeon Crawl Stone Soup version 0.23.1 (webtiles) character file.

Game seed: 8314996643825251468

57 Hylith the Slasher (level 4, 0/34 HPs)
             Began as a Gnoll Wanderer on Mar 10, 2019.
             Killed from afar by Natasha (4 damage)
             ... with a magic dart
             ... on level 2 of the Dungeon.
             The game lasted 00:02:19 (1059 turns).

Hylith the Slasher (Gnoll Wanderer)                 Turns: 1059, Time: 00:02:20

Health: 0/34       AC:  2    Str: 14    XL:     4   Next: 0%
Magic:  5/5        EV: 12    Int: 15    God:
Gold:   22         SH:  0    Dex: 15    Spells: 5/5 levels left

rFire    . . .     SeeInvis .   a - +2 falchion
rCold    . . .     Gourm    .   (no shield)
rNeg     . . .     Faith    .   e - +0 robe
rPois    .         Spirit   .   (no helmet)
rElec    .         Reflect  .   (no cloak)
rCorr    .         Harm     .   (no gloves)
MR       .....                  (no boots)
Stlth    ++........             (no amulet)
HPRegen  0.11/turn              (no ring)
MPRegen  0.09/turn              (no ring)

@: no status effects
A: distributed training, fangs 1, strong nose
a: no special abilities


You were on level 2 of the Dungeon.
You were not hungry.

You visited 1 branch of the dungeon, and saw 2 of its levels.

You collected 22 gold pieces.

Inventory:

Hand Weapons
 a - a +2 falchion (weapon)
 c - a +0 hand crossbow
Missiles
 d - 54 bolts
Armour
 e - a +0 robe (worn)
Scrolls
 b - 3 scrolls of teleportation
 g - 2 scrolls of immolation {unknown}
 i - 2 scrolls of remove curse {unknown}
 j - a scroll of fear {unknown}
 m - 3 scrolls of identify {unknown}
Potions
 h - a potion of heal wounds {unknown}
 k - a potion of brilliance {unknown}
Comestibles
 f - 3 rations
 l - a chunk of flesh


   Skills:
 + Level 2.6 Fighting
 + Level 1.0 Short Blades
 + Level 6.5 Long Blades
 + Level 1.0 Axes
 + Level 1.0 Maces & Flails
 + Level 1.0 Polearms
 + Level 1.0 Staves
 + Level 1.0 Slings
 + Level 1.0 Bows
 + Level 4.6 Crossbows
 + Level 1.0 Throwing
 + Level 4.6 Armour
 + Level 1.0 Dodging
 + Level 2.4 Stealth
 + Level 2.6 Shields
 + Level 1.0 Unarmed Combat
 + Level 1.0 Spellcasting
 + Level 0.7 Conjurations
 + Level 0.7 Hexes
 + Level 0.7 Charms
 + Level 0.7 Summonings
 + Level 0.7 Necromancy
 + Level 0.7 Translocations
 + Level 0.7 Transmutations
 + Level 0.7 Fire Magic
 + Level 0.7 Ice Magic
 + Level 0.7 Air Magic
 + Level 0.7 Earth Magic
 + Level 0.7 Poison Magic
 + Level 1.0 Invocations
 + Level 1.0 Evocations


You had 5 spell levels left.
You didn't know any spells.
Your spell library was empty.

Dungeon Overview and Level Annotations

Branches:
Dungeon (2/15)

Altars:

Annotations:
D:2 Natasha


Innate Abilities, Weirdness & Mutations

Your experience applies equally to all skills.
You have very sharp teeth.
Your uncanny sense of smell can sniff out nearby items.


Message History

You are too injured to fight recklessly!
The bat barely misses you. The bat misses you. The jackal bites you.
You barely miss the bat. The bat closely misses you.
You closely miss Natasha. You bite Natasha, but do no damage.
The jackal misses you.
You riposte.
You miss the jackal. The bat hits you but does no damage.
Natasha stares at you and mumbles some strange words.
The magic dart hits you!
* * * LOW HITPOINT WARNING * * *
The bat closely misses you.
You riposte.
You miss the bat.
Natasha extends her claws.
Natasha claws you.
* * * LOW HITPOINT WARNING * * *
The bat barely misses you.
You riposte.
You hit the bat.
You kill the bat!
You have reached level 4!
You feel agile. Natasha casts a spell at you. The magic dart hits you.
You die...

#.# ... #.## ...#
###..# #.# #.#..#
#.# #.#..## ... #
#..@.##.#.#
###.##.#.# .#.#
#.....h..# ..#
#.#.##h#.####.#
#...h#.#....##
#............# #.#
####.###.##.#.###.#
#.# ..........#.#.#
#.# #.#∆
.....#......... #.#
#.#


You could see Natasha and 2 jackals.

Vanquished Creatures
  A gnoll (D:1)
  A leopard gecko (D:1)
  7 bats
  3 giant cockroaches
  5 goblins (D:1)
  5 hobgoblins (D:1)
  7 jackals
  4 kobolds (D:1)
  A ball python (D:1)
  A frilled lizard (D:1)
  6 rats (D:1)
41 creatures vanquished.

Notes
Turn   | Place    | Note
-------+----------+-------------------------------------------
     0 | D:1      | Hylith the Gnoll Wanderer began the quest for the Orb.
     0 | D:1      | Hylith set off with the following items: a +2 falchion, a
                  | scroll of teleportation, a +0 hand crossbow, 31 bolts, a +0
                  | robe, a ration
     0 | D:1      | Reached XP level 1. HP: 17/17 MP: 1/1
   100 | D:1      | Reached XP level 2. HP: 13/23 MP: 2/2
   248 | D:1      | Reached XP level 3. HP: 14/28 MP: 3/3
   596 | D:1      | Reached skill level 1 in Invocations
  1036 | D:2      | Reached skill level 1 in Short Blades
  1036 | D:2      | Reached skill level 1 in Axes
  1036 | D:2      | Reached skill level 1 in Maces & Flails
  1036 | D:2      | Reached skill level 1 in Polearms
  1036 | D:2      | Reached skill level 1 in Staves
  1036 | D:2      | Reached skill level 1 in Slings
  1036 | D:2      | Reached skill level 1 in Bows
  1036 | D:2      | Reached skill level 1 in Throwing
  1036 | D:2      | Reached skill level 1 in Dodging
  1036 | D:2      | Reached skill level 1 in Unarmed Combat
  1036 | D:2      | Reached skill level 1 in Spellcasting
  1036 | D:2      | Reached skill level 1 in Evocations
  1044 | D:2      | Noticed Natasha
  1057 | D:2      | Reached XP level 4. HP: 3/34 MP: 5/5
  1059 | D:2      | Killed from afar by Natasha

Skill      XL: |  1  2  3 |
---------------+----------+-----
Invocations    | 1 |  1.0
Short Blades   | 1 |  1.0
Axes           | 1 |  1.0
Maces & Flails | 1 |  1.0
Polearms       | 1 |  1.0
Staves         | 1 |  1.0
Slings         | 1 |  1.0
Bows           | 1 |  1.0
Throwing       | 1 |  1.0
Dodging        | 1 |  1.0
Unarmed Combat | 1 |  1.0
Spellcasting   | 1 |  1.0
Evocations     | 1 |  1.0
Fighting       | |  2.6
Long Blades    | |  6.5
Crossbows      | |  4.6
Armour         | |  4.6
Stealth        | |  2.4
Shields        | |  2.6
Conjurations   | |  0.7
Hexes          | |  0.7
Charms         | |  0.7
Summonings     | |  0.7
Necromancy     | |  0.7
Translocations | |  0.7
Transmutations | |  0.7
Fire Magic     | |  0.7
Ice Magic      | |  0.7
Air Magic      | |  0.7
Earth Magic    | |  0.7
Poison Magic   | |  0.7

Action                   |  1- 3 |  4- 6 || total
-------------------------+-------+-------++-------
Melee: Falchion          |   105 |       ||   105
       Bite              |     7 |       ||     7
 Stab: Sleeping          |    10 |       ||    10
  Eat: Chunk             |     1 |       ||     1
Armor: Robe              |    17 |       ||    17
Dodge: Dodged            |    73 |       ||    73
       Rpst.: Falchion   |    19 |       ||    19
